 Dungeon Crawl Stone Soup version 0.31-a0-675-g238779eb0a (webtiles) character file.

Game seed: 1339394075921128967

132 qw the Shooter (level 5, -7/32 HPs)
             Began as a Gargoyle Hunter on Sept 5, 2023.
             Mangled by Sigmund
             ... wielding a +0 scythe
              (10 damage)
             ... on level 3 of the Dungeon.
             The game lasted 00:00:43 (1568 turns).

qw the Shooter (Gargoyle Hunter)                    Turns: 1568, Time: 00:00:43

Health: -7/32      AC:  8    Str: 14    XL:     5   Next: 15%
Magic:  5/5        EV: 11    Int:  8    God:
Gold:   129        SH:  0    Dex: 15    Spells: 4/4 levels left

rFire   . . .        Y - +0 shortbow
rCold   . . .        (shield currently unavailable)
rNeg    + . .        c - +0 leather armour
rPois   inf          (no helmet)
rElec   +            (no cloak)
rCorr   .            f - +0 pair of gloves
SInv    .            (no boots)
Will    .....        (no amulet)
Stlth   +            (no ring)
HPRegen 0.25/turn    (no ring)
MPRegen 0.09/turn

%: no passive effects
@: confused
A: sickness immunity, AC +4, negative energy resistance 1, electricity
resistance, torment resistance 1, petrification resistance, dopey 1
a: no special abilities


You were on level 3 of the Dungeon.
You visited 1 branch of the dungeon, and saw 3 of its levels.

You collected 129 gold pieces.


Innate Abilities, Weirdness & Mutations

You are immune to sickness and miasma.
Your stone body is resilient. (AC +4)
You are immune to poison.
You resist negative energy. (rN+)
You are resistant to electric shocks. (rElec)
You are resistant to unholy torment.
You are immune to petrification.
You are dopey. (Int -2)


   Skills:
 - Level 3.6 Fighting
 + Level 5.6 Ranged Weapons
 - Level 1.5 Dodging
 - Level 1.1 Stealth


You had 4 spell levels left.
You didn't know any spells.
Your spell library was empty.

Inventory:

Hand Weapons
 Y - a +0 shortbow (weapon)
Armour
 c - a +0 leather armour (worn)
 f - a +0 pair of gloves (worn)
Scrolls
 a - a scroll of teleportation
Potions
 b - a potion of enlightenment {unknown}
 d - a potion of haste {unknown}
 e - a potion of ambrosia {unknown}
 g - a potion of invisibility {unknown}
 h - a potion of brilliance {unknown}
 i - a potion of mutation
 j - a potion of cancellation {unknown}
 k - a potion of lignification {unknown}

Dungeon Overview and Level Annotations

Branches:
Dungeon (3/15)

Altars:
Xom

Annotations:
D:3 Sigmund


Message History

Sigmund hits you from afar with a +0 scythe.
You shoot an arrow.
The arrow hits Sigmund but does no damage.
Sigmund is heavily wounded.
Sigmund closely misses you.
You shoot an arrow. The arrow barely misses the worm.
The worm closely misses you.
You shoot an arrow. The arrow hits the worm.
The worm is moderately wounded.
Sigmund hits you but does no damage. The worm closely misses you.
You shoot an arrow. The arrow hits the worm!
The worm is severely wounded.
Sigmund barely misses you.
You shoot an arrow. The arrow hits the worm.
You kill the worm!
Sigmund mumbles some strange words.
Sigmund flickers and vanishes!
Deactivating autopickup; reactivate with Ctrl-A.
1549 ||| FLEEEEING.
1550 ||| STILL FLEEEEING.
Something hits you!
1551 ||| FLEEEEING.
1552 ||| FLEEEEING.
1553 ||| FLEEEEING.
1554 ||| FLEEEEING.
1555 ||| FLEEEEING.
1556 ||| FLEEEEING.
1557 ||| STILL FLEEEEING.
1558 ||| FLEEEEING.
1559 ||| FLEEEEING.
1560 ||| STILL FLEEEEING.
You are confused.
You shoot an arrow. Something hits you!
You hear some strange, mumbled words.
You are more confused.
Something hits you but does no damage. Something hits you but does no damage.
Something hits you!
You die...

#.#o# #.7# #7.7# #.#.# #.7
7.7 #.#g# #.7# #7.7# #.#.#
#%.777...7 #.#.# #.........
#.#g## #....###.. #..#.##
#.#### ##.
##.###o###########.# ####.
#.## ##g..@.....##.## #....
##.###.########.#...###.###
##.#.## #.........# ##.##
###.....###.### #.#
#....#.###..... #.#
##.##....#.#.#.#
#.#######...##..........
#.....##.....##..#.#.#.#
#####.#.......#.../.....


You could see an orc and a hobgoblin.

Vanquished Creatures
  An orc priest (D:2)
  Ijyb (D:3)
  2 adders (D:2)
  A worm (D:3)
  A dart slug (D:3)
  4 orcs (D:2)
  3 bats
  An endoplasm (D:3)
  2 giant cockroaches
  8 goblins
  2 hobgoblins (D:1)
  8 jackals
  5 quokkas
  4 ball pythons
  2 frilled lizards (D:1)
  2 kobolds (D:1)
  2 rats (D:2)
49 creatures vanquished.

Notes
Turn   | Place    | Note
-------+----------+-------------------------------------------
     0 | D:1      | qw the Gargoyle Hunter began the quest for the Orb.
     0 | D:1      | Reached XP level 1. HP: 12/12 MP: 1/1
     0 | D:1      | 0 ||| qw: Version: 0.3-a-75-g829b12e
     0 | D:1      | 0 ||| qw: Game counter: 53
     0 | D:1      | 0 ||| qw: Melee chars always use a shield: true
     0 | D:1      | 0 ||| qw: God list: Okawaru
     0 | D:1      | 0 ||| qw: Allow faded altars: false
     0 | D:1      | 0 ||| qw: Do Orc after clearing Dungeon:15 true
     0 | D:1      | 0 ||| qw: Do second Lair branch before Depths: true
     0 | D:1      | 0 ||| qw: Lair rune preference: random
     0 | D:1      | 0 ||| qw: Goals: Normal
     0 | D:1      | 0 ||| PLANNING D:1-11
   102 | D:1      | Reached XP level 2. HP: 17/17 MP: 2/2
   441 | D:1      | 441 ||| READING 2 scrolls labelled CIVIMO NUXIWOPH.
   445 | D:1      | 445 ||| READING scroll labelled JUPOLI CAF.
   446 | D:1      | 446 ||| DROPPING scroll of butterflies.
   462 | D:2      | 462 ||| STAIRDANCE
   489 | D:2      | Reached XP level 3. HP: 21/21 MP: 3/3
   514 | D:2      | Reached skill level 5 in Ranged Weapons
   637 | D:2      | Reached skill level 3 in Fighting
   637 | D:2      | Reached XP level 4. HP: 15/28 MP: 4/4
  1146 | D:2      | 1146 ||| UPGRADING to +0 pair of gloves.
  1151 | D:2      | 1151 ||| READING scroll labelled AWOWA DUBIEVA.
  1152 | D:2      | 1152 ||| DRINKING 2 purple potions.
  1152 | D:2      | Gained mutation: You are dopey. (Int -2) [potion of
                  | mutation]
  1181 | D:3      | Noticed Ijyb
  1185 | D:3      | 1185 ||| STAIRDANCE
  1190 | D:3      | 1190 ||| STAIRDANCE
  1206 | D:3      | 1206 ||| STAIRDANCE
  1237 | D:3      | 1237 ||| STAIRDANCE
  1262 | D:3      | Killed Ijyb
  1263 | D:3      | Reached XP level 5. HP: 21/32 MP: 5/5
  1264 | D:3      | 1264 ||| FLEEEEING.
  1265 | D:3      | 1265 ||| STAIRDANCE
  1308 | D:3      | 1308 ||| STAIRDANCE
  1478 | D:3      | Found a shimmering altar of Xom.
  1538 | D:3      | Noticed Sigmund
  1549 | D:3      | 1549 ||| FLEEEEING.
  1550 | D:3      | HP: 5/32 [something (10)]
  1551 | D:3      | 1551 ||| FLEEEEING.
  1552 | D:3      | 1552 ||| FLEEEEING.
  1553 | D:3      | 1553 ||| FLEEEEING.
  1554 | D:3      | 1554 ||| FLEEEEING.
  1555 | D:3      | 1555 ||| FLEEEEING.
  1556 | D:3      | 1556 ||| FLEEEEING.
  1558 | D:3      | 1558 ||| FLEEEEING.
  1559 | D:3      | 1559 ||| FLEEEEING.
  1563 | D:3      | HP: 1/32 [something (7)]
  1568 | D:3      | Mangled by Sigmund

Levels and vault maps discovered:
D:1:      eino_arrival_druids_welcome, layout_rooms, bh_walls_and_bars
D:2:      layout_loops_ring
D:3:      layout_loops_ring, lemuel_round_altar, minmay_stone_trees_medium,
          uniq_sigmund, uniq_ijyb

Skill      XL: |  1  2  3 |
---------------+----------+-----
Ranged Weapons | 5 |  5.6
Fighting       | 3 |  3.6
Dodging        | |  1.5
Stealth        | |  1.1

Action                     |  1- 3 |  4- 6 || total
---------------------------+-------+-------++-------
   Fire: Shortbow          |    92 |    70 ||   162
    Use: Scroll            |     2 |     1 ||     3
         Potion            |       |     1 ||     1
 Armour: Leather armour    |    25 |    42 ||    67
  Dodge: Dodged            |    27 |    28 ||    55

Table legend:
 A = Non-vault XP
 B = Vault XP
 C = Vault XP percentage of total XP
 D = Non-vault monster count
 E = Vault monster count
 F = Vault count percentage of total count
                 A         B        C        D         E       F
            +---------+---------+-------+---------+---------+-------
      Total |     154 |      35 |  18.5 |      48 |       1 |   2.0
            +---------+---------+-------+---------+---------+-------
        D:1 |      29 |       0 |   0.0 |      16 |       0 |   0.0
        D:2 |     108 |       0 |   0.0 |      24 |       0 |   0.0
        D:3 |      17 |      35 |  67.3 |       8 |       1 |  11.1
            +---------+---------+-------+---------+---------+-------
